 Dungeon Crawl Stone Soup version 0.30-a0-341-g682706514a (webtiles) character file.

Game seed: 11839855327637269425

317 bande the Chopper (level 6, -7/39 HPs)
             Began as a Gargoyle Fighter on Nov 1, 2022.
             Mangled by an ogre
             ... wielding a +0 giant club
              (20 damage)
             ... on level 4 of the Dungeon.
             The game lasted 00:07:26 (3235 turns).

bande the Chopper (Gargoyle Fighter)                Turns: 3235, Time: 00:07:26

Health: -7/39      AC: 16    Str: 19    XL:     6   Next: 45%
Magic:  6/6        EV: 15    Int:  9    God:
Gold:   241        SH:  4    Dex: 11    Spells: 5/5 levels left

rFire   . . .      SeeInvis .    a - +0 war axe (venom)
rCold   . . .      Faith    .    c - +0 buckler
rNeg    + . .      Spirit   .    x - +0 chain mail
rPois   ∞          Reflect  .    (no helmet)
rElec   +          Harm     .    r - +0 cloak
rCorr   .          Rampage  .    (no gloves)
Will    .....                    j - +0 pair of boots
Stlth   ..........               (no amulet)
HPRegen 0.26/turn                k - +4 ring of evasion
MPRegen 0.10/turn                m - +4 ring of evasion

@: no status effects
A: sickness immunity, AC +4, negative energy resistance 1, electricity
resistance, torment resistance 1, petrification resistance
a: no special abilities


You were on level 4 of the Dungeon.
You visited 1 branch of the dungeon, and saw 4 of its levels.

You collected 241 gold pieces.

Inventory:

Hand Weapons
 a - a +0 war axe of venom (weapon)
 t - a +2 flail of holy wrath
Armour
 c - a +0 buckler (worn)
 j - a +0 pair of boots (worn)
 r - a +0 cloak (worn)
 x - a +0 chain mail (worn)
Jewellery
 i - an amulet of faith
 k - a +4 ring of evasion (left hand)
 m - a +4 ring of evasion (right hand)
 p - a +4 ring of evasion
 u - an amulet of reflection
Wands
 h - a wand of flame (8)
Scrolls
 v - a scroll of teleportation
Potions
 d - 3 potions of might
 e - a potion of resistance
 f - a potion of heal wounds
 g - a potion of flight {unknown}
 l - a potion of berserk rage {unknown}
 n - 2 potions of brilliance
 o - 3 potions of curing
 q - a potion of degeneration {unknown}
 s - a potion of attraction {unknown}
 w - a potion of magic {unknown}


   Skills:
 + Level 4.3 Fighting
 + Level 4.4 Axes
 + Level 4.4 Armour
 + Level 4.1 Shields


You had 5 spell levels left.
You didn't know any spells.
Your spell library contained the following spells:

 Spells                   Type           Power      Damage    Failure   Level
 Frozen Ramparts          Ice            0%         1d1       100%        3
 Ice Form                 Ice/Tmut       0%         N/A       100%        4
 Summon Ice Beast         Ice/Summ       0%         N/A       100%        4


Dungeon Overview and Level Annotations

Branches:
Dungeon (4/15)
 Temple: D:4-7

Altars:
Cheibriados
Dithmenos
Nemelex Xobeh
Xom
The Shining One


Innate Abilities, Weirdness & Mutations

You are immune to sickness and miasma.
Your stone body is resilient. (AC +4)
You are immune to poison.
You resist negative energy. (rN+)
You are resistant to electric shocks. (rElec)
You are resistant to unholy torment.
You are immune to petrification.


Message History

The worm is severely wounded.
The worm bites you but does no damage.
You hit the worm.
You kill the worm!
No target in view!
No target in view!
No target in view!
No target in view!
No target in view!
You enter the shallow water.
Moving in this stuff is going to be slow.
There is an open door here.
You see here a +0 war axe.
There is an open door here.
Found a scale mail.
An ogre comes into view. It is wielding a +0 giant club.
The ogre shouts!
The ogre hits you with a +0 giant club!!
Ouch! That really hurt!
You are too injured to fight recklessly!
You are too injured to fight recklessly!
You are too injured to fight recklessly!
You are too injured to fight recklessly!
You are too injured to fight recklessly!
You are too injured to fight recklessly!
You are too injured to fight recklessly!
You are too injured to fight recklessly!
You are too injured to fight recklessly!
You are too injured to fight recklessly!
You are too injured to fight recklessly!
You are too injured to fight recklessly!
Unknown command.
You slash the ogre!
The ogre is poisoned.
The ogre is moderately wounded.
The ogre closely misses you.
You slash the ogre!
The ogre looks as sick as possible!
The ogre is severely wounded.
The ogre hits you with a +0 giant club!!
Ouch! That really hurt!
You die...

#.##########
##......[.....
#....#..#..#..
#............. #######
#.............
##.....####.[...........
.........>#....#..#..#..
...###..#.#.....@O......
...# ##.#.#..###########
...# #.#.'....# ##.#
#.#.#....# ##.#
#.#.###### ##.# #.#.#
##.# #.#.#
##.####.#.######
##...............


You could see an ogre (extremely poisoned).

Vanquished Creatures
  Edmund (D:4)
  An ice beast (D:4)
  3 adders
  2 worms
  2 dart slugs
  4 orcs
  5 ball pythons
  5 endoplasms
  A giant cockroach (D:1)
  8 goblins
  5 hobgoblins
  5 jackals (D:1)
  3 kobolds
  6 quokkas
  2 bats
  10 rats
63 creatures vanquished.

Notes
Turn   | Place    | Note
-------+----------+-------------------------------------------
     0 | D:1      | bande the Gargoyle Fighter began the quest for the Orb.
     0 | D:1      | Reached XP level 1. HP: 14/14 MP: 1/1
    54 | D:1      | Reached XP level 2. HP: 19/19 MP: 2/2
   431 | D:1      | Reached XP level 3. HP: 22/23 MP: 3/3
   758 | D:1      | Found a faded altar of an unknown god.
  1303 | D:2      | Reached XP level 4. HP: 28/29 MP: 4/4
  1692 | D:3      | Found a glowing golden altar of the Shining One.
  2157 | D:4      | Noticed an ice beast
  2170 | D:4      | Killed an ice beast
  2171 | D:4      | Reached XP level 5. HP: 20/33 MP: 5/5
  2456 | D:4      | Found a shimmering altar of Xom.
  2557 | D:4      | Noticed Edmund
  2572 | D:4      | Killed Edmund
  2573 | D:4      | Reached XP level 6. HP: 33/39 MP: 6/6
  2760 | D:4      | Found a sparkling altar of Nemelex Xobeh.
  2808 | D:4      | Found a snail-covered altar of Cheibriados.
  2815 | D:4      | Found a shadowy altar of Dithmenos.
  3235 | D:4      | Mangled by an ogre

Illustrated notes

Levels and vault maps discovered:
D:1:      dpeg_arrival_court, layout_loops_ring,
          chequers_ecumenical_altar_twisty, hangedman_decor_push
D:2:      layout_loops_ring
D:3:      layout_rooms, nicolae_tso_swordbearing_angel
D:4:      layout_basic, grunt_dithmenos_smoke, amcnicky_altar_gilded,
          cheibrodos_worm_habitat, lemuel_crystal_altar, temple_hall,
          minivault_25, uniq_edmund

Skill      XL: |  1  2  3  4  5 |
---------------+----------------+-----
Axes           | 2 3 4 |  4.4
Fighting       | 4 |  4.3
Armour         | 4 |  4.4
Shields        | 4 |  4.1

Action                   |  1- 3 |  4- 6 || total
-------------------------+-------+-------++-------
Melee: War axe           |    99 |    91 ||   190
  Use: Scroll            |     4 |     5 ||     9
Armor: Scale mail        |    50 |    31 ||    81
       Chain mail        |       |     1 ||     1
Dodge: Dodged            |    59 |    66 ||   125
Block: Buckler           |    30 |    23 ||    53

Table legend: (Time is in decaauts)
 A = Elapsed time spent in this place.
 B = Non-inter-level travel time spent in this place.
 C = Inter-level travel time spent in this place.
 D = Time resting spent in this place.
 E = Time spent auto-exploring this place.
 F = Levels seen in this place.
 G = Mean time per level.
                   A        B        C        D        E       F      G
               +--------+--------+--------+--------+--------+-----+--------+
         Total |   3318 |   3276 |     42 |    581 |   2112 |   4 |  829.5 |
       Dungeon |   3318 |   3276 |     42 |    581 |   2112 |   4 |  829.5 |
               +--------+--------+--------+--------+--------+-----+--------+

Top non-repeatable levels by time:
     D:4: 1102 daAuts
     D:1: 874 daAuts
     D:3: 712 daAuts
     D:2: 628 daAuts
